TOP OF THE 1ST |
Charleston Battery batting - Pitching for Santa Catalina Condor : RHP Liam Bane
|
Pitching: RHP Liam Bane
|
|
Batting: SHB Ji-hoon Ku
|
0-0: Called Strike 0-1: Fly out, F8 (Flyball, 89D, EV 95.6 MPH)
|
Batting: LHB Carlos Velardes
|
0-0: Ball 1-0: Ball 2-0: Foul Ball, location: 2F 2-1: Ball 3-1: Base on Balls
|
Batting: LHB Lang Ouyang
|
0-0: Ball 1-0: Called Strike 1-1: Foul Ball, location: 2F 1-2: Foul Ball, location: 2F 1-2: Grounds into double play, 1-6-3 (Groundball, 13S, EV 66.2 MPH)
|
Top of the 1st over - 0 runs, 0 hits, 0 errors, 0 left on base; Charleston 0 - Santa Catalina 0 |
BOTTOM OF THE 1ST |
Santa Catalina Condor batting - Pitching for Charleston Battery : LHP Raúl Fuentes
|
Pitching: LHP Raúl Fuentes
|
|
Batting: RHB Ángelo Campos
|
0-0: Called Strike 0-1: Ball 1-1: Foul Ball, location: 2F 1-2: Strikes out looking
|
Batting: RHB Ron Burnett
|
0-0: Called Strike 0-1: Foul Ball, location: 2F 0-2: Ball 1-2: Foul Ball, location: 2F 1-2: Ball 2-2: Foul Ball, location: 2F 2-2: Foul Ball, location: 2F 2-2: Ball 3-2: Foul Ball, location: 2F 3-2: Base on Balls
|
Batting: RHB David Bosingwa
|
0-0: Called Strike 0-1: Ball 1-1: Foul Ball, location: 2F 1-2: Ball 2-2: Ball 3-2: Foul Ball, location: 2F 3-2: Strikes out swinging Ron Burnett is caught stealing 2nd base 2-4 Batter strikes out.
|
Bottom of the 1st over - 0 runs, 0 hits, 0 errors, 0 left on base; Charleston 0 - Santa Catalina 0 |
TOP OF THE 2ND |
Charleston Battery batting - Pitching for Santa Catalina Condor : RHP Liam Bane
|
Batting: LHB Edgar González
|
0-0: Ball 1-0: Foul Ball, location: 2F 1-1: Foul Ball, location: 2F 1-2: Ball 2-2: SOLO HOME RUN (Flyball, 7D, EV 103.8 MPH), Distance : 406 ft
|
Batting: RHB Rolf Pauw
|
0-0: Called Strike 0-1: Ball 1-1: Ball 2-1: Ball 3-1: Foul Ball, location: 2F 3-2: Foul Ball, location: 2F 3-2: Foul Ball, location: 2F 3-2: Ground out 4-3 (Groundball, 4MS, EV 72.5 MPH)
|
Batting: SHB Bryan Spilsbury
|
0-0: Called Strike 0-1: Ball 1-1: Fly out, F9 (Flyball, 89S, EV 90.0 MPH)
|
Batting: LHB Ruff McGruffin
|
0-0: Ball 1-0: Ball 2-0: Ball 3-0: Called Strike 3-1: Swinging Strike 3-2: Strikes out swinging
|
Top of the 2nd over - 1 run, 1 hit, 0 errors, 0 left on base; Charleston 1 - Santa Catalina 0 |
BOTTOM OF THE 2ND |
Santa Catalina Condor batting - Pitching for Charleston Battery : LHP Raúl Fuentes
|
Batting: RHB Jim Hanson
|
0-0: Ball 1-0: Called Strike 1-1: Called Strike 1-2: Strikes out swinging
|
Batting: RHB Levka Efremov
|
0-0: Ball 1-0: Ball 2-0: Called Strike 2-1: Swinging Strike 2-2: Ball 3-2: Strikes out looking
|
Batting: LHB José Castejón
|
0-0: Called Strike 0-1: Ball 1-1: Foul Ball, location: 2F 1-2: SINGLE (Line Drive, 8RS, EV 113.1 MPH)
|
Batting: RHB António Andrés
|
0-0: Ball 1-0: Ball 2-0: Called Strike 2-1: Ball 3-1: Base on Balls José Castejón to second
|
Batting: LHB Tsugahara Otani
|
0-0: Ball 1-0: Swinging Strike 1-1: Ball 2-1: Foul Ball, location: 2F 2-2: Ball 3-2: 3-RUN HOME RUN (Flyball, 89XD, EV 103.1 MPH), Distance : 400 ft
|
Batting: RHB Spencer Fisher
|
0-0: Ball 1-0: Ball 2-0: Swinging Strike 2-1: Foul Ball, location: 2F 2-2: Ball 3-2: Foul Ball, location: 2F 3-2: Foul Ball, location: 2F 3-2: Foul Ball, location: 2F 3-2: Base on Balls
|
Batting: RHB Ángelo Campos
|
0-0: Ball 1-0: Called Strike 1-1: Ball 2-1: Called Strike 2-2: Strikes out looking
|
Bottom of the 2nd over - 3 runs, 2 hits, 0 errors, 1 left on base; Charleston 1 - Santa Catalina 3 |
TOP OF THE 3RD |
Charleston Battery batting - Pitching for Santa Catalina Condor : RHP Liam Bane
|
Batting: LHB Rodger Parsons
|
0-0: Ball 1-0: Ball 2-0: DOUBLE (Line Drive, 9LM, EV 98.1 MPH)
|
Batting: LHB Alan Coxall
|
0-0: Fly out, F7 (Line Drive, 78S, EV 96.9 MPH)
|
Batting: SHB Ji-hoon Ku
|
0-0: DOUBLE (Line Drive, 78D, EV 104.4 MPH) Rodger Parsons scores
|
Batting: LHB Carlos Velardes
|
0-0: Called Strike 0-1: Foul Ball, location: 2F 0-2: Foul Ball, location: 2F 0-2: Ball 1-2: Ball 2-2: Fly out, F5 (Line Drive, 56, EV 67.5 MPH)
|
Batting: LHB Lang Ouyang
|
0-0: Called Strike 0-1: Ball 1-1: Ball 2-1: Ball 3-1: Foul Ball, location: 2F 3-2: Base on Balls
|
Batting: LHB Edgar González
|
0-0: Foul Ball, location: 2F 0-1: Ball 1-1: Called Strike 1-2: 3-RUN HOME RUN (Flyball, 9D, EV 101.2 MPH), Distance : 380 ft
|
Batting: RHB Rolf Pauw
|
0-0: Ball 1-0: Swinging Strike 1-1: Ground out 4-3 (Groundball, 34, EV 86.2 MPH)
|
Top of the 3rd over - 4 runs, 3 hits, 0 errors, 0 left on base; Charleston 5 - Santa Catalina 3 |
BOTTOM OF THE 3RD |
Santa Catalina Condor batting - Pitching for Charleston Battery : LHP Raúl Fuentes
|
Batting: RHB Ron Burnett
|
0-0: Swinging Strike 0-1: Foul Ball, location: 2F 0-2: Strikes out swinging
|
Batting: RHB David Bosingwa
|
0-0: Called Strike 0-1: SINGLE (Line Drive, 89S, EV 90.6 MPH)
|
Batting: RHB Jim Hanson
|
0-0: Called Strike 0-1: Ball 1-1: Foul Ball, location: 2F 1-2: Strikes out swinging
|
Batting: RHB Levka Efremov
|
0-0: Called Strike 0-1: Called Strike 0-2: Strikes out looking
|
Bottom of the 3rd over - 0 runs, 1 hit, 0 errors, 1 left on base; Charleston 5 - Santa Catalina 3 |
TOP OF THE 4TH |
Charleston Battery batting - Pitching for Santa Catalina Condor : RHP Liam Bane
|
Batting: SHB Bryan Spilsbury
|
0-0: Ball 1-0: SINGLE (Line Drive, 9S, EV 95.6 MPH)
|
Batting: LHB Ruff McGruffin
|
0-0: Ball 1-0: Swinging Strike 1-1: Ball Balk! Bryan Spilsbury to second 2-1: Ball 3-1: SINGLE (Groundball, 34D, EV 94.4 MPH) Bryan Spilsbury to third Runner from 3rd tries for Home, SAFE, throw by RF to home
|
Batting: LHB Rodger Parsons
|
0-0: Swinging Strike 0-1: Ball 1-1: SINGLE (Line Drive, 89S, EV 93.1 MPH) Ruff McGruffin to second
|
Batting: LHB Alan Coxall
|
0-0: SINGLE (Groundball, 23, EV 67.5 MPH) (infield hit) Ruff McGruffin to third Rodger Parsons to second
|
Batting: SHB Ji-hoon Ku
|
0-0: Foul Ball, location: 2F 0-1: Ball 1-1: SINGLE (Groundball, 34S, EV 67.5 MPH) (infield hit) Ruff McGruffin scores Rodger Parsons to third Alan Coxall to second
|
Pitching: LHP Bill Terry
|
|
Batting: LHB Carlos Velardes
|
0-0: Called Strike 0-1: Ball 1-1: Ball 2-1: Ball 3-1: Base on Balls Rodger Parsons scores Alan Coxall to third Ji-hoon Ku to second
|
Batting: LHB Lang Ouyang
|
0-0: Swinging Strike 0-1: SINGLE (Groundball, 34S, EV 63.8 MPH) (infield hit) Alan Coxall scores Ji-hoon Ku to third Carlos Velardes to second
|
Batting: LHB Edgar González
|
0-0: Swinging Strike 0-1: SINGLE (Groundball, 4MD, EV 98.1 MPH) Ji-hoon Ku scores Carlos Velardes to third Lang Ouyang to second
|
Batting: RHB Rolf Pauw
|
0-0: Called Strike 0-1: SINGLE (Flyball, 4D, EV 86.2 MPH) Carlos Velardes scores Lang Ouyang to third Edgar González to second
|
Batting: SHB Bryan Spilsbury
|
0-0: Ball 1-0: Foul Ball, location: 2F 1-1: Ball 2-1: Swinging Strike 2-2: Strikes out looking
|
Batting: LHB Ruff McGruffin
|
0-0: Ball 1-0: Fly out, F8 (Flyball, 8RM, EV 86.9 MPH)
|
Batting: LHB Rodger Parsons
|
0-0: Ball 1-0: Called Strike 1-1: Foul Ball, location: 2F 1-2: Foul Ball, location: 2F 1-2: Foul Ball, location: 2F 1-2: Ball 2-2: SINGLE (Flyball, 9LS, EV 85.6 MPH) Lang Ouyang scores Edgar González to third Rolf Pauw to second Runner from 3rd tries for Home, SAFE, throw by RF to home
|
Batting: LHB Alan Coxall
|
0-0: Called Strike 0-1: Foul Ball, location: 2F 0-2: Ball 1-2: Ball 2-2: Strikes out looking
|
Top of the 4th over - 8 runs, 9 hits, 0 errors, 2 left on base; Charleston 13 - Santa Catalina 3 |
BOTTOM OF THE 4TH |
Santa Catalina Condor batting - Pitching for Charleston Battery : LHP Raúl Fuentes
|
Batting: LHB José Castejón
|
0-0: Foul Ball, location: 2F 0-1: Called Strike 0-2: Strikes out swinging
|
Batting: RHB António Andrés
|
0-0: Called Strike 0-1: Ball 1-1: DOUBLE (Line Drive, 78XD, EV 102.5 MPH)
|
Batting: LHB Tsugahara Otani
|
0-0: Called Strike 0-1: Ground out 4-3 (Groundball, 4, EV 82.5 MPH) António Andrés to third
|
Batting: RHB Spencer Fisher
|
0-0: Ball 1-0: Swinging Strike 1-1: Foul Ball, location: 2F 1-2: Strikes out looking
|
Bottom of the 4th over - 0 runs, 1 hit, 0 errors, 1 left on base; Charleston 13 - Santa Catalina 3 |
TOP OF THE 5TH |
Charleston Battery batting - Pitching for Santa Catalina Condor : LHP Bill Terry
|
Batting: SHB Ji-hoon Ku
|
0-0: Foul Ball, location: 2F 0-1: Ball 1-1: Foul Ball, location: 2F 1-2: SOLO HOME RUN (Flyball, 89XD, EV 98.1 MPH), Distance : 391 ft
|
Pitching: RHP Rhys Tregelles
|
|
Batting: LHB Carlos Velardes
|
0-0: Ball 1-0: Ball 2-0: Called Strike 2-1: Fly out, F7 (Flyball, 78M, EV 94.4 MPH)
|
Batting: LHB Lang Ouyang
|
0-0: Ball 1-0: Called Strike 1-1: Ground out 4-3 (Groundball, 34, EV 82.5 MPH)
|
Batting: LHB Edgar González
|
0-0: Called Strike 0-1: Called Strike 0-2: Foul Ball, location: 2F 0-2: Strikes out looking
|
Top of the 5th over - 1 run, 1 hit, 0 errors, 0 left on base; Charleston 14 - Santa Catalina 3 |
BOTTOM OF THE 5TH |
Santa Catalina Condor batting - Pitching for Charleston Battery : LHP Raúl Fuentes
|
Batting: RHB Ángelo Campos
|
0-0: Ball 1-0: DOUBLE (Line Drive, 89XD, EV 113.8 MPH)
|
Batting: RHB Ron Burnett
|
0-0: Foul Ball, location: 2F 0-1: Foul Ball, location: 2F 0-2: Fly out, F7 (Flyball, 7LM, EV 100.6 MPH) Runner from 2nd tags up, SAFE at 3rd with throw by LF
|
Batting: RHB David Bosingwa
|
0-0: Ball 1-0: Ball 2-0: Called Strike 2-1: Swinging Strike 2-2: Strikes out swinging
|
Batting: RHB Jim Hanson
|
0-0: Ball 1-0: Called Strike 1-1: Ball 2-1: Ball 3-1: Base on Balls
|
Batting: RHB Levka Efremov
|
0-0: Called Strike 0-1: Ball 1-1: Called Strike 1-2: Foul Ball, location: 2F 1-2: Strikes out swinging
|
Bottom of the 5th over - 0 runs, 1 hit, 0 errors, 2 left on base; Charleston 14 - Santa Catalina 3 |
TOP OF THE 6TH |
Charleston Battery batting - Pitching for Santa Catalina Condor : RHP Rhys Tregelles
|
Batting: RHB Rolf Pauw
|
0-0: Called Strike 0-1: Ball 1-1: Foul Ball, location: 2F 1-2: Strikes out swinging
|
Batting: SHB Bryan Spilsbury
|
0-0: Ball 1-0: Called Strike 1-1: Foul Ball, location: 2F 1-2: Foul Ball, location: 2F 1-2: Fly out, F6 (Line Drive, 6, EV 61.9 MPH)
|
Batting: LHB Ruff McGruffin
|
0-0: Ball 1-0: Called Strike 1-1: Ground out 4-3 (Groundball, 4, EV 105.6 MPH)
|
Top of the 6th over - 0 runs, 0 hits, 0 errors, 0 left on base; Charleston 14 - Santa Catalina 3 |
BOTTOM OF THE 6TH |
Santa Catalina Condor batting - Pitching for Charleston Battery : LHP Raúl Fuentes
|
Batting: LHB José Castejón
|
0-0: Swinging Strike 0-1: Ground out 4-3 (Groundball, 4D, EV 106.2 MPH)
|
Batting: RHB António Andrés
|
0-0: Ball 1-0: Foul Ball, location: 2F 1-1: Ball 2-1: Ball 3-1: Ground out 5-3 (Groundball, 56S, EV 85.0 MPH)
|
Batting: LHB Tsugahara Otani
|
0-0: Foul Ball, location: 2F 0-1: Ball 1-1: Ball 2-1: Foul Ball, location: 2F 2-2: Ball 3-2: SINGLE (Line Drive, 6D, EV 98.1 MPH)
|
Pitching: RHP Marvin Stevens
|
|
Pinch Hitting: LHB Sébastien Guillaume
|
0-0: Ball Tsugahara Otani is caught stealing 2nd base 2-6
|
Bottom of the 6th over - 0 runs, 1 hit, 0 errors, 0 left on base; Charleston 14 - Santa Catalina 3 |
TOP OF THE 7TH |
Charleston Battery batting - Pitching for Santa Catalina Condor : RHP Rhys Tregelles
|
Now at SS: Robbie McClellan
|
|
Batting: LHB Rodger Parsons
|
0-0: Ball 1-0: Foul Ball, location: 2F 1-1: Swinging Strike 1-2: Strikes out looking
|
Pitching: RHP Javier Montés
|
|
Batting: LHB Alan Coxall
|
0-0: Ball 1-0: Ball 2-0: SINGLE (Groundball, 4MD, EV 97.5 MPH)
|
Batting: SHB Ji-hoon Ku
|
0-0: Ball 1-0: Foul Ball, location: 2F 1-1: Ball 2-1: Fielders Choice at 2nd, 3-6 (Groundball, 23, EV 85.0 MPH)
|
Batting: LHB Carlos Velardes
|
0-0: Ball 1-0: Foul Ball, location: 2F 1-1: Called Strike 1-2: Fly out, F8 (Line Drive, 8RM, EV 86.9 MPH)
|
Top of the 7th over - 0 runs, 1 hit, 0 errors, 1 left on base; Charleston 14 - Santa Catalina 3 |
BOTTOM OF THE 7TH |
Santa Catalina Condor batting - Pitching for Charleston Battery : RHP Marvin Stevens
|
Batting: RHB Robbie McClellan
|
0-0: Called Strike 0-1: Swinging Strike 0-2: Ball 1-2: Ground out 5-3 (Groundball, 56, EV 83.1 MPH)
|
Batting: RHB Ángelo Campos
|
0-0: Swinging Strike 0-1: Ball 1-1: DOUBLE (Line Drive, 3D, EV 103.1 MPH)
|
Batting: RHB Ron Burnett
|
0-0: Ball 1-0: Ball 2-0: Ball 3-0: Base on Balls
|
Batting: RHB David Bosingwa
|
0-0: Foul Ball, location: 2F 0-1: Swinging Strike 0-2: Strikes out swinging
|
Batting: RHB Jim Hanson
|
0-0: Called Strike 0-1: Called Strike 0-2: Strikes out looking
|
Bottom of the 7th over - 0 runs, 1 hit, 0 errors, 2 left on base; Charleston 14 - Santa Catalina 3 |
TOP OF THE 8TH |
Charleston Battery batting - Pitching for Santa Catalina Condor : RHP Javier Montés
|
Batting: LHB Lang Ouyang
|
0-0: Ball 1-0: Foul Ball, location: 2F 1-1: Ball 2-1: Swinging Strike 2-2: Ground out 4-3 (Groundball, 34, EV 83.1 MPH)
|
Batting: LHB Edgar González
|
0-0: Ball 1-0: Ball 2-0: Ball 3-0: Base on Balls
|
Pinch Hitting: RHB Andrew Wilson
|
0-0: Foul Ball, location: 2F 0-1: Foul Ball, location: 2F 0-2: Ball 1-2: Strikes out swinging
|
Batting: SHB Bryan Spilsbury
|
0-0: Called Strike 0-1: Called Strike 0-2: Foul Ball, location: 2F 0-2: 2-RUN HOME RUN (Flyball, 78XD, EV 106.9 MPH), Distance : 418 ft
|
Batting: LHB Ruff McGruffin
|
0-0: Foul Ball, location: 2F 0-1: Ball 1-1: Called Strike 1-2: Foul Ball, location: 2F 1-2: Ground out U3 (Groundball, 34, EV 90.0 MPH)
|
Top of the 8th over - 2 runs, 1 hit, 0 errors, 0 left on base; Charleston 16 - Santa Catalina 3 |
BOTTOM OF THE 8TH |
Santa Catalina Condor batting - Pitching for Charleston Battery : RHP Marvin Stevens
|
Now at 2B: Andrew Wilson
|
|
Batting: RHB Levka Efremov
|
0-0: Ball 1-0: Called Strike 1-1: Ball 2-1: Ball 3-1: Foul Ball, location: 2F 3-2: Base on Balls
|
Batting: LHB José Castejón
|
0-0: Ball 1-0: Called Strike 1-1: Foul Ball, location: 2F 1-2: Ball 2-2: DOUBLE (Line Drive, 9LM, EV 106.9 MPH) Levka Efremov to third
|
Batting: RHB António Andrés
|
0-0: Ball 1-0: Called Strike 1-1: Ball 2-1: Foul Ball, location: 2F 2-2: Ball 3-2: Ground out 6-3 (Groundball, 6, EV 109.4 MPH) Levka Efremov scores
|
Batting: LHB Tsugahara Otani
|
0-0: Ball 1-0: Called Strike 1-1: Ball 2-1: Ball 3-1: Ground out 4-3 (Groundball, 34D, EV 84.4 MPH) José Castejón to third
|
Batting: RHB Robbie McClellan
|
0-0: SINGLE (Line Drive, 34, EV 106.9 MPH) José Castejón scores
|
Batting: RHB Ángelo Campos
|
0-0: Ball 1-0: Foul Ball, location: 2F 1-1: Called Strike 1-2: Ball 2-2: Ball 3-2: DOUBLE (Flyball, 8RD, EV 110.0 MPH) Robbie McClellan to third Robbie McClellan scores
|
Batting: RHB Ron Burnett
|
0-0: Hit by Pitch
|
Pinch Runner at 1st Chun-yeong Pyon:
|
|
Batting: RHB David Bosingwa
|
0-0: Ball 1-0: Ball 2-0: Ball 3-0: Called Strike 3-1: Called Strike 3-2: Foul Ball, location: 2F 3-2: DOUBLE (Flyball, 8RXD, EV 108.8 MPH) Ángelo Campos scores Chun-yeong Pyon to third
|
Batting: RHB Jim Hanson
|
0-0: Called Strike 0-1: Called Strike 0-2: SINGLE (Line Drive, 3D, EV 100.0 MPH) Chun-yeong Pyon scores David Bosingwa to third Runner from 3rd tries for Home, SAFE, throw by RF to home
|
Pitching: RHP Mario Silva
|
|
Batting: RHB Levka Efremov
|
0-0: Ball 1-0: Ground out 1-3 (Groundball, 13S, EV 70.0 MPH)
|
Bottom of the 8th over - 6 runs, 5 hits, 0 errors, 1 left on base; Charleston 16 - Santa Catalina 9 |
TOP OF THE 9TH |
Charleston Battery batting - Pitching for Santa Catalina Condor : RHP Javier Montés
|
Now in RF: Brooks Reynolds
|
|
Batting: LHB Rodger Parsons
|
0-0: Foul Ball, location: 2F 0-1: Ball 1-1: Ball 2-1: SINGLE (Line Drive, 34D, EV 95.6 MPH)
|
Batting: LHB Alan Coxall
|
0-0: Ball 1-0: Ball 2-0: Foul Ball, location: 2F 2-1: Foul Ball, location: 2F 2-2: Strikes out swinging
|
Batting: SHB Ji-hoon Ku
|
0-0: Foul Ball, location: 2F 0-1: Foul Ball, location: 2F 0-2: Ball 1-2: Ball 2-2: Ball 3-2: Foul Ball, location: 2F 3-2: Base on Balls Rodger Parsons to second
|
Pitching: RHP George King
|
|
Batting: LHB Carlos Velardes
|
0-0: Ball 1-0: Swinging Strike 1-1: Ball 2-1: Ball 3-1: Foul Ball, location: 2F 3-2: Foul Ball, location: 2F 3-2: Strikes out swinging
|
Batting: LHB Lang Ouyang
|
0-0: Ball 1-0: Ball 2-0: Called Strike 2-1: Ball 3-1: Called Strike 3-2: Foul Ball, location: 2F 3-2: Strikes out swinging
|
Top of the 9th over - 0 runs, 1 hit, 0 errors, 2 left on base; Charleston 16 - Santa Catalina 9 |
BOTTOM OF THE 9TH |
Santa Catalina Condor batting - Pitching for Charleston Battery : RHP Mario Silva
|
Batting: LHB José Castejón
|
0-0: Foul Ball, location: 2F 0-1: Called Strike 0-2: SINGLE (Groundball, 4MD, EV 103.8 MPH)
|
Batting: RHB António Andrés
|
0-0: Foul Ball, location: 2F 0-1: Ball 1-1: Fly out, F7 (Flyball, 78M, EV 82.5 MPH)
|
Batting: LHB Tsugahara Otani
|
0-0: Foul Ball, location: 2F 0-1: Foul Ball, location: 2F 0-2: SINGLE (Groundball, 4MS, EV 75.0 MPH) (infield hit) José Castejón to second
|
Batting: RHB Robbie McClellan
|
0-0: Ball 1-0: Ball 2-0: Grounds into double play, 4-6-3 (Groundball, 4S, EV 90.0 MPH)
|
Bottom of the 9th over - 0 runs, 2 hits, 0 errors, 1 left on base; Charleston 16 - Santa Catalina 9 |
|